[Event "Memorijal Nesic Predrag IM 202"]
[Site "Pozarevac"]
[Date "2022.02.12"]
[Round "6.1"]
[White "Dudukovic, Nikola"]
[Black "Milanovic, Slavisa"]
[Result "1/2-1/2"]
[ECO "C19"]
[WhiteElo "2362"]
[BlackElo "2296"]
[Annotator "ChessBase"]
[PlyCount "20"]
[EventDate "2022.02.08"]
[EventType "tourn"]
[EventCountry "SRB"]
[SourceTitle "playchess.com"]
[Source "ChessBase"]
[SourceQuality "1"]
[TimeControl "40/5400+30:900+30"]

1. e4 e6 2. d4 d5 3. Nc3 Bb4 4. e5 c5 5. a3 Bxc3+ 6. bxc3 Ne7 7. a4 Qa5 8. Bd2 Nbc6 9. Nf3 Bd7 10. Qb1 c4 1/2-1/2

[Event "Memorijal Nesic Predrag IM 202"]
[Site "Pozarevac"]
[Date "2022.02.12"]
[Round "6.2"]
[White "Klukin, Kirill"]
[Black "Sanz Wawer, Daniel"]
[Result "1-0"]
[ECO "E52"]
[WhiteElo "2374"]
[BlackElo "2371"]
[Annotator "ChessBase"]
[PlyCount "109"]
[EventDate "2022.02.08"]
[EventType "tourn"]
[EventCountry "SRB"]
[SourceTitle "playchess.com"]
[Source "ChessBase"]
[SourceQuality "1"]
[TimeControl "40/5400+30:900+30"]

1. d4 Nf6 2. c4 e6 3. Nc3 Bb4 4. Bd2 O-O 5. e3 d5 6. Nf3 b6 7. cxd5 exd5 8. Bd3 Bb7 9. O-O Nbd7 10. Rc1 c6 11. Ne5 Nxe5 12. dxe5 Nd7 13. f4 g6 14. a3 Be7 15. b4 c5 16. e4 c4 17. Bb1 d4 18. Nb5 c3 19. Be1 a5 20. Nd6 Ba6 21. Rf3 f6 22. Qxd4 fxe5 23. Qd5+ Kg7 24. Bxc3 axb4 25. axb4 Ra7 26. fxe5 Rxf3 27. gxf3 Qf8 28. e6+ Nf6 29. Be5 Kg8 30. Qd4 Qh6 31. Re1 Qg5+ 32. Bg3 Nh5 33. Nf7 Qf6 34. Qxf6 Bxf6 35. Bb8 Ra8 36. Be5 Bc4 37. Bxf6 Nxf6 38. Ng5 h6 39. e5 Nd5 40. Nf7 Nxb4 41. Bxg6 Bxe6 42. Nxh6+ Kg7 43. Be4 Rf8 44. Ng4 Nd5 45. Rc1 b5 46. Rc5 Bxg4 47. fxg4 Ne3 48. h3 Rf4 49. Rc7+ Kf8 50. Bc6 Rf1+ 51. Kh2 Re1 52. e6 Nf1+ 53. Kg2 Nd2 54. Rf7+ Kg8 55. Bd5 1-0

[Event "Memorijal Nesic Predrag IM 202"]
[Site "Pozarevac"]
[Date "2022.02.12"]
[Round "6.3"]
[White "Dev, Shah"]
[Black "Kandjolas, Konstantin"]
[Result "1-0"]
[ECO "E62"]
[WhiteElo "2272"]
[BlackElo "2084"]
[Annotator "ChessBase"]
[PlyCount "105"]
[EventDate "2022.02.08"]
[EventType "tourn"]
[EventCountry "SRB"]
[SourceTitle "playchess.com"]
[Source "ChessBase"]
[SourceQuality "1"]
[TimeControl "40/5400+30:900+30"]

1. d4 Nf6 2. c4 g6 3. Nc3 Bg7 4. Nf3 O-O 5. g3 d6 6. Bg2 Nc6 7. O-O e5 8. dxe5 Nxe5 9. Nxe5 dxe5 10. Qxd8 Rxd8 11. Bg5 Rd4 12. Be3 Rxc4 13. Rfd1 Be6 14. Bxb7 Rb8 15. Ba6 Rc6 16. Bb5 Rd6 17. Bxa7 Rbd8 18. a4 Bb3 19. Rxd6 Rxd6 20. Bb8 Rd2 21. Bxc7 Nd5 22. Nxd5 Bxd5 23. b4 Rd4 24. Bb6 Rxb4 25. Rd1 Be4 26. f3 Rb1 27. Rxb1 Bxb1 28. Bc6 Ba2 29. Bb7 Bc4 30. e4 Kf8 31. a5 Ke7 32. a6 Bxa6 33. Bxa6 h5 34. Kf2 Bh6 35. Bc5+ Kf6 36. h4 Bc1 37. Bc4 Bb2 38. Ke2 Bc1 39. Bd6 Bb2 40. f4 exf4 41. gxf4 Bc3 42. e5+ Kg7 43. Be7 Bb2 44. Kf3 Bc3 45. Ke4 Bb2 46. f5 gxf5+ 47. Kxf5 Bc3 48. Be2 Bd2 49. Bxh5 Bc3 50. Bf3 Bd2 51. Bg5 Bc3 52. Bd5 Be1 53. h5 1-0

[Event "Memorijal Nesic Predrag IM 202"]
[Site "Pozarevac"]
[Date "2022.02.12"]
[Round "6.4"]
[White "Zlatanovic, Boroljub"]
[Black "Petrovic, Aleksa"]
[Result "1/2-1/2"]
[ECO "E17"]
[WhiteElo "2338"]
[BlackElo "2296"]
[Annotator "ChessBase"]
[PlyCount "165"]
[EventDate "2022.02.08"]
[EventType "tourn"]
[EventCountry "SRB"]
[SourceTitle "playchess.com"]
[Source "ChessBase"]
[SourceQuality "1"]
[TimeControl "40/5400+30:900+30"]

1. c4 e6 2. g3 Nf6 3. b3 Be7 4. Bg2 d5 5. Nf3 O-O 6. O-O b6 7. Bb2 Bb7 8. cxd5 exd5 9. d4 Nbd7 10. Nc3 Re8 11. Rc1 a6 12. Ne5 Bd6 13. f4 c5 14. e3 b5 15. Nxd7 Qxd7 16. dxc5 Bxc5 17. Nxd5 Qxd5 18. Bxd5 Bxe3+ 19. Rf2 Nxd5 20. Bd4 Bxc1 21. Qxc1 Re4 22. Rd2 Rae8 23. Kf2 h5 24. Qd1 g6 25. Qc1 h4 26. Qd1 h3 27. Qg4 Nb4 28. Qxh3 Nd3+ 29. Rxd3 Re2+ 30. Kg1 Re1+ 31. Qf1 Rxf1+ 32. Kxf1 Rd8 33. g4 f5 34. g5 Be4 35. Rd2 a5 36. Ke2 Bb1 37. Ke3 Kf7 38. a3 Rd7 39. h4 b4 40. axb4 axb4 41. Rh2 Re7+ 42. Be5 Rd7 43. h5 Rd3+ 44. Ke2 gxh5 45. Rxh5 Rxb3 46. Rh7+ Ke6 47. g6 Rg3 48. g7 Ba2 49. Rh8 Ke7 50. Rb8 Bf7 51. Kf2 Rg6 52. Rb7+ Ke8 53. Rxb4 Be6 54. Rb6 Kf7 55. Ke3 Rg3+ 56. Kd4 Bb3 57. Kc5 Kg8 58. Bd4 Kh7 59. Rb8 Bg8 60. Kd6 Rg6+ 61. Ke7 Re6+ 62. Kf8 Rc6 63. Be5 Rc4 64. Rb2 Rc8+ 65. Ke7 Rc6 66. Rh2+ Rh6 67. Rg2 Rg6 68. Rb2 Ra6 69. Rb7 Re6+ 70. Kd7 Ra6 71. Rb8 Ra7+ 72. Kd6 Ra6+ 73. Ke7 Ra7+ 74. Kf6 Rxg7 75. Kxf5 Ra7 76. Rb2 Ra6 77. Rg2 Be6+ 78. Kg5 Bh3 79. Rb2 Rg6+ 80. Kh4 Rh6+ 81. Kg3 Be6 82. Rb7+ Kg6 83. Rb8 1/2-1/2

[Event "Memorijal Nesic Predrag IM 202"]
[Site "Pozarevac"]
[Date "2022.02.12"]
[Round "6.5"]
[White "Spasic, Petar"]
[Black "Milosevic, Milos"]
[Result "1-0"]
[ECO "A28"]
[WhiteElo "2334"]
[BlackElo "2296"]
[Annotator "ChessBase"]
[PlyCount "63"]
[EventDate "2022.02.08"]
[EventType "tourn"]
[EventCountry "SRB"]
[SourceTitle "playchess.com"]
[Source "ChessBase"]
[SourceQuality "1"]
[TimeControl "40/5400+30:900+30"]

1. c4 e5 2. Nc3 Nf6 3. Nf3 Nc6 4. d3 d5 5. cxd5 Nxd5 6. a3 Be7 7. e4 Nb6 8. Be3 Be6 9. Rc1 O-O 10. Be2 Qd7 11. O-O Rfd8 12. b4 f6 13. Qc2 Rac8 14. Bc5 a5 15. Qb1 axb4 16. axb4 Ra8 17. d4 exd4 18. Rfd1 Bxc5 19. bxc5 Nc4 20. Nd5 Na3 21. Qxb7 Bxd5 22. exd5 Qxd5 23. Qxc7 Ra7 24. Qf4 Re7 25. Bd3 Nb4 26. Bxh7+ Kxh7 27. Rxd4 Qa8 28. Rxd8 Qxd8 29. Qxb4 Qd3 30. c6 Re4 31. Qxe4+ Qxe4 32. c7 1-0

[Event "Memorijal Nesic Predrag IM 202"]
[Site "Pozarevac"]
[Date "2022.02.13"]
[Round "7.1"]
[White "Kandjolas, Konstantin"]
[Black "Dudukovic, Nikola"]
[Result "0-1"]
[ECO "A64"]
[WhiteElo "2084"]
[BlackElo "2362"]
[Annotator "ChessBase"]
[PlyCount "90"]
[EventDate "2022.02.08"]
[EventType "tourn"]
[EventCountry "SRB"]
[SourceTitle "playchess.com"]
[Source "ChessBase"]
[SourceQuality "1"]
[TimeControl "40/5400+30:900+30"]

1. d4 Nf6 2. c4 e6 3. Nf3 c5 4. d5 exd5 5. cxd5 d6 6. Nc3 g6 7. g3 Bg7 8. Bg2 O-O 9. O-O Re8 10. Nd2 Nbd7 11. h3 a6 12. a4 Rb8 13. Nc4 Nb6 14. Na3 Bd7 15. Bf4 Nc8 16. Nc4 Qc7 17. a5 Bb5 18. Qb3 Qd7 19. Rfe1 Bxc4 20. Qxc4 Nh5 21. Bd2 Na7 22. g4 Nf6 23. Bf4 Nb5 24. Nxb5 axb5 25. Qd3 c4 26. Qg3 Ne4 27. Bxe4 Rxe4 28. Bxd6 Rbe8 29. Ba3 Qxd5 30. Rad1 Rd4 31. Rxd4 Qxd4 32. Kf1 Qd2 33. Qd6 Qxd6 34. Bxd6 Bxb2 35. e3 Rd8 36. Bb4 Rd3 37. Rb1 c3 38. Bxc3 Bxc3 39. Rxb5 Rd7 40. Ke2 Kf8 41. f4 Ke7 42. Kf3 Rc7 43. h4 Kd6 44. e4 Kc6 45. Rd5 Rd7 0-1

[Event "Memorijal Nesic Predrag IM 202"]
[Site "Pozarevac"]
[Date "2022.02.13"]
[Round "7.2"]
[White "Petrovic, Aleksa"]
[Black "Klukin, Kirill"]
[Result "1/2-1/2"]
[ECO "A90"]
[WhiteElo "2296"]
[BlackElo "2374"]
[Annotator "ChessBase"]
[PlyCount "99"]
[EventDate "2022.02.08"]
[EventType "tourn"]
[EventCountry "SRB"]
[SourceTitle "playchess.com"]
[Source "ChessBase"]
[SourceQuality "1"]
[TimeControl "40/5400+30:900+30"]

1. d4 f5 2. g3 Nf6 3. Bg2 e6 4. c4 c6 5. Nc3 d5 6. Nh3 Bd6 7. Qb3 O-O 8. Bf4 Be7 9. O-O Nbd7 10. Qc2 Ne4 11. Rad1 Ndf6 12. f3 Nd6 13. c5 Nf7 14. e4 b6 15. b4 a5 16. a3 axb4 17. axb4 bxc5 18. bxc5 Qa5 19. exf5 exf5 20. Rfe1 Re8 21. Nf2 Bd8 22. Rxe8+ Nxe8 23. Qe2 Bd7 24. Bd2 Qa7 25. Nd3 Bf6 26. Be3 Nc7 27. f4 Qa3 28. Qc2 Rb8 29. h3 Bc8 30. Ne5 Bxe5 31. fxe5 Rb3 32. Rc1 Nb5 33. Nxb5 Rxb5 34. Bf2 Rb2 35. Qc3 Qa2 36. Qe3 Re2 37. Qf3 Ng5 38. Qh5 h6 39. Qe8+ Kh7 40. Rf1 Qa6 41. h4 Ne4 42. Bf3 Rxf2 43. Rxf2 Nxf2 44. Bh5 Qa1+ 45. Kg2 Qh1+ 46. Kxf2 Qh2+ 47. Kf3 Qh1+ 48. Kf2 Qh2+ 49. Kf3 Qh1+ 50. Kf2 1/2-1/2

[Event "Memorijal Nesic Predrag IM 202"]
[Site "Pozarevac"]
[Date "2022.02.13"]
[Round "7.3"]
[White "Sanz Wawer, Daniel"]
[Black "Dev, Shah"]
[Result "1/2-1/2"]
[ECO "C78"]
[WhiteElo "2371"]
[BlackElo "2272"]
[Annotator "ChessBase"]
[PlyCount "133"]
[EventDate "2022.02.08"]
[EventType "tourn"]
[EventCountry "SRB"]
[SourceTitle "playchess.com"]
[Source "ChessBase"]
[SourceQuality "1"]
[TimeControl "40/5400+30:900+30"]

1. e4 e5 2. Nf3 Nc6 3. Bb5 a6 4. Ba4 Nf6 5. O-O b5 6. Bb3 Bc5 7. c3 d6 8. d4 Bb6 9. a4 Rb8 10. a5 Ba7 11. h3 Bb7 12. d5 Ne7 13. Re1 h6 14. Be3 Bxe3 15. Rxe3 O-O 16. c4 c6 17. Nc3 bxc4 18. Bxc4 cxd5 19. exd5 Ne8 20. Qd3 Kh8 21. Ra2 f5 22. Nd2 Nf6 23. Re1 Qc7 24. b4 Rfc8 25. Ra3 e4 26. Qd4 Ng6 27. f3 Ne5 28. Bf1 exf3 29. gxf3 f4 30. Qxf4 Nxd5 31. Nxd5 Bxd5 32. Qd4 Qf7 33. Bg2 Nc6 34. Qg4 Nxb4 35. Rb1 Nc2 36. Rxb8 Rxb8 37. Rc3 Qa7+ 38. Kh1 Ne3 39. Qg6 Qe7 40. Ne4 Nxg2 41. Kxg2 Bxe4 42. fxe4 Rf8 43. Rf3 Rxf3 44. Kxf3 Qe5 45. Ke3 Qxa5 46. Qxd6 Qc3+ 47. Ke2 Qc4+ 48. Ke3 Qc3+ 49. Ke2 Qxh3 50. e5 Qg3 51. Qe7 Kh7 52. e6 Qe5+ 53. Kd3 Qf5+ 54. Kd4 Kg6 55. Qe8+ Kh7 56. e7 Qf4+ 57. Kd5 Qf5+ 58. Kd6 Qf4+ 59. Kd7 Qa4+ 60. Kd8 Qa5+ 61. Kc8 Qc5+ 62. Kb7 Qb4+ 63. Kxa6 Qa3+ 64. Kb6 Qb4+ 65. Kc7 Qc5+ 66. Kb7 Qb4+ 67. Kc7 1/2-1/2

[Event "Memorijal Nesic Predrag IM 202"]
[Site "Pozarevac"]
[Date "2022.02.13"]
[Round "7.5"]
[White "Milanovic, Slavisa"]
[Black "Spasic, Petar"]
[Result "1-0"]
[ECO "A40"]
[WhiteElo "2296"]
[BlackElo "2334"]
[Annotator "ChessBase"]
[PlyCount "59"]
[EventDate "2022.02.08"]
[EventType "tourn"]
[EventCountry "SRB"]
[SourceTitle "playchess.com"]
[Source "ChessBase"]
[SourceQuality "1"]
[TimeControl "40/5400+30:900+30"]

1. Nf3 c5 2. c4 g6 3. d4 Bg7 4. e4 Nc6 5. dxc5 Nf6 6. Nc3 Qa5 7. Bd2 Qxc5 8. Be2 O-O 9. O-O Qb6 10. h3 d6 11. a3 a5 12. Be3 Qd8 13. Qc2 b6 14. Rfd1 Bd7 15. Rab1 Rb8 16. b4 axb4 17. axb4 Qc8 18. Rdc1 Rb7 19. b5 Na5 20. Qa4 Qb8 21. e5 dxe5 22. c5 bxc5 23. Bxc5 e4 24. Qxa5 exf3 25. Bxf3 Rc7 26. b6 Rcc8 27. b7 Rce8 28. Ba7 Qf4 29. Ne2 Qd6 30. Rd1 1-0